 Dungeon Crawl Stone Soup version 0.26.1-2-gb8aa6d0cf2 (webtiles) character file.

Game seed: 10996246122649617045

2537 Qrupt the Covert (level 9, -5/62 HPs)
             Began as an Octopode Brigand on Mar 5, 2021.
             Was a Follower of Nemelex Xobeh.
             Slain by an ogre
             ... wielding a +0 giant club
              (25 damage)
             ... on level 9 of the Dungeon.
             The game lasted 00:19:57 (9943 turns).

Qrupt the Covert (Octopode Brigand)                 Turns: 9943, Time: 00:19:58

Health: -5/62      AC:  1    Str: 10    XL:     9   Next: 55%
Magic:  13/13      EV: 16    Int: 15    God:    Nemelex Xobeh [*.....]
Gold:   359        SH:  0    Dex: 15    Spells: 10/14 levels left

rFire    x . .     SeeInvis +   C - +6 trident of Bahi {venom, rPois rC++ SInv}
rCold    + + +     Faith    .   (no shield)
rNeg     . . .     Spirit   .   (helmet restricted)
rPois    +         Reflect  .   (no amulet)
rElec    .         Harm     .   u - ring of protection from cold
rCorr    .         Rampage  .   z - ring of ice
Will     .....                  B - ring of flight
Stlth    +++++.....             (no ring)
HPRegen  0.20/turn              (no ring)
MPRegen  0.13/turn              (no ring)
                                (no ring)
                                (no ring)

@: no status effects
A: almost no armour, stealthy swim, amphibious, 8 rings, constrict 8, camouflage
1, gelatinous body 1
a: Renounce Religion, Evoke Flight, Draw Escape, Draw Destruction, Draw
Summoning


You were on level 9 of the Dungeon.
You worshipped Nemelex Xobeh.
Nemelex Xobeh was aware of your devotion.
You visited 2 branches of the dungeon, and saw 10 of its levels.

You collected 359 gold pieces.

Inventory:

Hand Weapons
 a - a +2 dagger
 C - the +6 trident of Bahi (weapon) {venom, rPois rC++ SInv}
   (You found it on level 5 of the Dungeon)

   It poisons the flesh of those it strikes.
   It greatly protects you from cold.
   It protects you from poison.
   It lets you see invisible.
Missiles
 b - 29 poisoned darts (quivered)
 c - 2 curare-tipped darts
Armour
 r - a +2 kite shield
Jewellery
 u - a ring of protection from cold (left tentacle)
 z - a ring of ice (right tentacle)
 B - a ring of flight (on tentacle)
Wands
 y - a wand of acid (9)
 G - a wand of random effects (15)
Scrolls
 d - 3 scrolls of magic mapping
 e - 2 scrolls of fog
 g - a scroll of fear
 i - 8 scrolls of remove curse
 k - 3 scrolls of blinking
 l - 3 scrolls of enchant armour
 p - 3 scrolls of teleportation
 q - 2 scrolls of amnesia {unknown}
 s - 4 scrolls of enchant weapon {unknown}
 w - 2 scrolls of immolation {unknown}
 A - 4 scrolls of random uselessness {unknown}
 D - a scroll of noise {unknown}
 F - a scroll of torment {unknown}
Potions
 f - 6 potions of curing
 h - 3 potions of invisibility
 j - 2 potions of brilliance
 m - 5 potions of heal wounds
 n - 3 potions of lignification
 o - 2 potions of flight
 t - 2 potions of berserk rage {unknown}
 v - 3 potions of magic {unknown}
 E - a potion of degeneration {unknown}


   Skills:
 + Level 6.0 Fighting
 - Level 5.0 Short Blades
 - Level 3.0 Throwing
 + Level 5.6 Dodging
 + Level 9.8 Stealth
 + Level 2.9 Shields
 - Level 3.0 Spellcasting
 - Level 3.0 Translocations


You had 10 spell levels left.
You knew the following spells:

 Your Spells              Type           Power        Failure   Level
a - Blink                 Tloc           N/A          9%          2
b - Slow                  Hex            2%           30%         2

Your spell library contained the following spells:

 Spells                   Type           Power        Failure   Level
 Corona                   Hex            2%           21%         1
 Magic Dart               Conj           8%           21%         1
 Call Imp                 Summ           2%           30%         2
 Ensorcelled Hibernation  Hex/Ice        6%           30%         2
 Confusing Touch          Hex            2%           52%         3
 Conjure Flame            Conj/Fire      2%           52%         3
 Dazzling Flash           Conj/Hex       4%           52%         3
 Mephitic Cloud           Conj/Pois/Air  2%           52%         3
 Tukima's Dance           Hex            2%           52%         3


Dungeon Overview and Level Annotations

Branches:
Dungeon (9/15)             Temple (1/1) D:6             Orc (0/2) D:9
   Lair: D:8-11

Altars:
Ashenzari
Cheibriados
Dithmenos
Elyvilon
Fedhas
Gozag
Kikubaaqudgha
Makhleb
Nemelex Xobeh
Okawaru
Qazlal
Ru
Sif Muna
Trog
Vehumet
Wu Jian
Xom
Yredelemnul
Zin
The Shining One


Innate Abilities, Weirdness & Mutations

You cannot wear most types of armour.
You are very stealthy in the water. (Stealth+)
You are amphibious.
You can wear up to eight rings at the same time.
You can use your tentacles to constrict eight enemies at once.
Your skin changes colour to match your surroundings (Stealth+).
Your rubbery body absorbs attacks. (AC +1, EV +1)


Message History

The ogre barely misses you.
You barely miss the ogre.
The ogre is moderately wounded.
The ogre closely misses you.
You barely miss the ogre.
The ogre is moderately wounded.
The ogre hits you with a +0 giant club!!
You hit the ogre.
The ogre looks even sicker.
The ogre is heavily wounded.
The ogre hits you with a +0 giant club!
Items here: )) [[ †.
There is a stone staircase leading up, spattered with blood here.
You closely miss the ogre.
The ogre is heavily wounded.
The ogre barely misses you.
You barely miss the ogre.
The ogre is severely wounded.
The ogre hits you with a +0 giant club!!
You die...
Your body disappears without a glow.

#...(.......
#.........# #
#...).....# ..
#...).....## ...
#.......# ....##
###))......
......##.<........
........O.........
.......@......####
............###
......##....#
.....# #>....#
#.... ##......
##.. #...###. #.
..## ## ..#


You could see an ogre (very poisoned).

Vanquished Creatures
  3 ice beasts
  A sky beast (D:5)
  2 orc warriors
  An ogre (D:7)
  A centaur (D:6)
  Blork the orc (D:8)
  5 bullfrogs
  A gnoll sergeant (D:8)
  3 killer bees (D:7)
  5 wights
  Crazy Yiuf (D:4)
  2 orc priests
  A jelly (D:8)
  A bullfrog skeleton (D:8)
  5 iguanas
  7 orc wizards
  4 worker ants
  Natasha (thrice) (D:3)
  A worker ant zombie (D:6)
  A howler monkey zombie (D:8)
  Robin (D:3)
  7 gnolls (D:6)
  A howler monkey skeleton (D:4)
  8 adders
  2 shadow imps
  3 ufetubi (D:6)
  2 oozes
  2 adder skeletons
  An adder zombie (D:7)
  A dart slug (D:2)
  6 leopard geckos
  22 orcs
  5 bats
  3 giant cockroaches
  15 goblins
  9 hobgoblins
  10 jackals
  9 kobolds
  6 quokkas
  4 ball pythons
  2 frilled lizards
  A leopard gecko skeleton (D:4)
  A quokka zombie (D:6)
  9 rats
179 creatures vanquished.

Notes
Turn   | Place    | Note
-------+----------+-------------------------------------------
     0 | D:1      | Qrupt the Octopode Brigand began the quest for the Orb.
     0 | D:1      | Reached XP level 1. HP: 14/14 MP: 1/1
   121 | D:1      | Reached XP level 2. HP: 19/19 MP: 2/2
   751 | D:1      | Reached XP level 3. HP: 24/24 MP: 3/3
  1277 | D:2      | Reached XP level 4. HP: 30/30 MP: 4/4
  1407 | D:2      | Found a white marble altar of Elyvilon.
  1615 | D:2      | Reached skill level 6 in Stealth
  1621 | D:2      | Found a sacrificial altar of Ru.
  1631 | D:2      | Reached XP level 5. HP: 31/36 MP: 5/5
  1958 | D:3      | Learned a level 2 spell: Blink
  1961 | D:3      | Learned a level 2 spell: Slow
  2038 | D:3      | Noticed Robin
  2378 | D:3      | Killed Robin
  2663 | D:3      | Noticed Natasha
  2670 | D:3      | Killed Natasha
  2734 | D:3      | Noticed Natasha
  2743 | D:3      | Killed Natasha
  2816 | D:3      | Noticed Natasha
  2822 | D:3      | Killed Natasha
  2823 | D:3      | Reached skill level 1 in Translocations
  2823 | D:3      | Reached XP level 6. HP: 42/42 MP: 6/6
  2887 | D:3      | Found a shimmering altar of Xom.
  2887 | D:3      | Found a basalt altar of Yredelemnul.
  3106 | D:4      | Found a runed translucent door.
  3107 | D:4      | Noticed Crazy Yiuf
  4015 | D:4      | Found a shadowy altar of Dithmenos.
  4311 | D:4      | Killed Crazy Yiuf
  4312 | D:4      | Reached skill level 7 in Stealth
  4361 | D:5      | Entered Level 5 of the Dungeon
  4545 | D:5      | Reached XP level 7. HP: 28/46 MP: 7/7
  5193 | D:6      | Reached skill level 1 in Spellcasting
  5539 | D:6      | Found a staircase to the Ecumenical Temple.
  5544 | D:6      | Reached XP level 8. HP: 27/51 MP: 10/10
  5862 | D:5      | Got a transparent trident
  5863 | D:5      | Identified the +6 trident of Bahi {venom, rPois rC++ SInv}
                  | (You found it on level 5 of the Dungeon)
  6052 | D:5      | Reached skill level 8 in Stealth
  6949 | Temple   | Entered the Ecumenical Temple
  7293 | Temple   | Became a worshipper of Nemelex Xobeh the Trickster
  7680 | D:6      | Found a stormy altar of Qazlal.
  7692 | D:6      | Reached skill level 5 in Fighting
  7743 | D:6      | Found an ornate altar of the Wu Jian Council.
  7927 | D:7      | Reached skill level 5 in Short Blades
  7932 | D:7      | Reached XP level 9. HP: 61/61 MP: 13/13
  8000 | D:7      | Reached skill level 9 in Stealth
  8000 | D:7      | Reached skill level 1 in Shields
  8189 | D:7      | Reached skill level 5 in Dodging
  8601 | D:7      | Reached * piety under Nemelex Xobeh
  8753 | D:8      | Found a shimmering blue altar of Sif Muna.
  8887 | D:8      | Noticed Blork the orc
  8902 | D:8      | Killed Blork the orc
  9544 | D:8      | Received a gift from Nemelex Xobeh
  9909 | D:9      | Found a staircase to the Orcish Mines.
  9943 | D:9      | Slain by an ogre

Illustrated notes

Levels and vault maps discovered:
D:1:      heliophobic_arrival_battle_scene, layout_loops_ring
D:2:      wad_crossroads, layout_basic, nicolae_ru_great_annihilating_truth,
          elyvilon_altar_3
D:3:      layout_rooms, gammafunk_temple_overflow_elements,
          minmay_misc_feat_five, uniq_natasha, uniq_robin
D:4:      layout_loops_ring, nicolae_dithmenos_shadow_blocks,
          nrook_loot_triangle, uniq_crazy_yiuf_cottage
D:5:      layout_gridville, chequers_serial_rivers_micro_c
D:6:      layout_loops_ring, lemuel_crystal_altar, minmay_temple_entry_arrows,
          grunt_qazlal_sundering
D:7:      layout_rooms, dk_noncrumbling_3
D:8:      layout_loops_cross, lemuel_doored_altar, sword_in_stone
D:9:      layout_layer_cave, eat_drink_and_be_merry_uskayaw,
          overflow_temple_1_default, david_orc_3, uniq_joseph
Temple:   nicolae_temple_great_sept

Skill      XL: |  1  2  3  4  5  6  7  8  9 |
---------------+----------------------------+-----
Stealth        | 6 7 8 9 |  9.8
Dodging        | 2 3 4 5 |  5.6
Throwing       | 3 |  3.0
Fighting       | 3 4 5 6 |  6.0
Short Blades   | 3 4 5 |  5.0
Translocations | 1 2 3 |  3.0
Spellcasting   | 1 3 |  3.0
Shields        | 2 |  2.9

Action                   |  1- 3 |  4- 6 |  7- 9 || total
-------------------------+-------+-------+-------++-------
Melee: Dagger            |    53 |   149 |   105 ||   307
       Constrict         |    10 |    26 |    34 ||    70
       Tentacles         |     4 |    27 |    39 ||    70
       Trident           |       |       |   152 ||   152
Throw: Dart              |       |    15 |    36 ||    51
  Use: Scroll            |       |     7 |     6 ||    13
       Potion            |       |       |     3 ||     3
 Stab: Sleeping          |    21 |    16 |    27 ||    64
       Invisible         |       |     1 |       ||     1
       Paralysed         |       |     1 |       ||     1
       Distracted        |       |       |     2 ||     2
Armor: Skin              |       |     3 |     8 ||    11
Dodge: Dodged            |    12 |    83 |   150 ||   245
